 Dungeon Crawl Stone Soup version 0.30-a0-390-g80c34de65d (webtiles) character file.

Game seed: 8835810951628492813

23 PyroL the Grave Robber (level 2, -2/19 HPs)
             Began as a Demonspawn Necromancer on Dec 4, 2022.
             Slain by a worm (10 damage)
             ... on level 2 of the Dungeon.
             The game lasted 00:03:51 (1221 turns).

PyroL the Grave Robber (Demonspawn Necromancer)     Turns: 1221, Time: 00:03:52

Health: -2/19      AC:  3    Str:  8    XL:     2   Next: 75%
Magic:  0/5        EV: 12    Int: 16    God:
Gold:   102        SH:  0    Dex: 13    Spells: 4/5 levels left

rFire   . . .      SeeInvis .    e - +0 short sword
rCold   . . .      Faith    .    (no shield)
rNeg    . . .      Spirit   .    a - +0 robe
rPois   .          Reflect  .    (no helmet)
rElec   .          Harm     .    n - +0 cloak
rCorr   .          Rampage  .    (no gloves)
Will    .....                    (no boots)
Stlth   ++........               (no amulet)
HPRegen 0.23/turn                (no ring)
MPRegen 0.09/turn                (no ring)

@: no status effects
A: foul stench 1
a: no special abilities


You were on level 2 of the Dungeon.
You visited 1 branch of the dungeon, and saw 2 of its levels.

You collected 102 gold pieces.

Inventory:

Hand Weapons
 c - a +0 sling
 e - a +0 short sword (weapon)
Armour
 a - a +0 robe (worn)
 n - a +0 cloak (worn)
Scrolls
 i - a scroll of blinking {unknown}
 j - a scroll of silence {unknown}
 p - 2 scrolls of identify {unknown}
 q - a scroll of enchant weapon {unknown}
Potions
 b - a potion of magic
 d - a potion of mutation {unknown}
 g - a potion of heal wounds {unknown}
 k - a potion of might {unknown}
 l - 2 potions of curing {unknown}
 m - 2 potions of brilliance {unknown}
 o - 2 potions of cancellation {unknown}


   Skills:
 - Level 2.0 Dodging
 - Level 2.0 Stealth
 + Level 2.4 Spellcasting
 + Level 4.7 Necromancy


You had 4 spell levels left.
You knew the following spells:

 Your Spells              Type           Power      Damage    Failure   Level
a - Necrotise             Necr           68%        1d7       2%          1

Your spell library contained the following spells:

 Spells                   Type           Power      Damage    Failure   Level
 Vampiric Draining        Necr           17%        2d7       9%          3
 Cigotuvi's Dreadful Rot  Necr/Pois/Air  14%        N/A       16%         2
 Animate Dead             Necr           17%        N/A       28%         4
 Poisonous Vapours        Pois/Air       2%         N/A       30%         2
 Inner Flame              Hex/Fire       1%         N/A       52%         3
 Mephitic Cloud           Conj/Pois/Air  1%         N/A       52%         3
 Cause Fear               Hex            0%         N/A       89%         4
 Agony                    Necr           17%        N/A       61%         5
 Discord                  Hex            0%         N/A       100%        8


Dungeon Overview and Level Annotations

Branches:
Dungeon (2/15)

Altars:

Shops:
D:2 =


Innate Abilities, Weirdness & Mutations

You may rarely emit foul miasma when damaged in melee.


Message History

The worm closely misses you.
You barely miss the worm.
The worm is lightly wounded.
The worm barely misses you.
You hit the worm but do no damage. You barely miss the worm.
The worm closely misses you.
You hit the worm but do no damage. You hit the worm but do no damage.
The worm closely misses you.
You hit the worm.
The worm is lightly wounded.
The worm bites you!
You hit the worm.
The worm is moderately wounded.
You hit the worm.
The worm is severely wounded.
The worm closely misses you.
You hit the worm.
The worm is severely wounded.
You barely miss the worm.
The worm is severely wounded.
The worm bites you.
Casting: Necrotise (safe; 2% risk of failure)
Confirm with . or Enter, or press ? or * to list all spells.
Aiming: Necrotise (safe; 2% risk of failure)
Press: ? - help, Shift-Dir - straight line, f/p - worm
Aim: a worm (severely wounded, chance to affect: 81%)
The worm writhes in agony.
The worm bites you.
* * * LOW HITPOINT WARNING * * *
Sorry, you're not good enough to have a special ability.
Casting: Necrotise (safe; 2% risk of failure)
Confirm with . or Enter, or press ? or * to list all spells.
You don't have enough magic to cast this spell.
Unknown command.
You hit the worm but do no damage.
The worm is severely wounded.
You hit the worm.
The worm is almost dead.
The worm bites you!
Ouch! That really hurt!
You die...

##.w........##......
#.......##### #.....
#.#############.....
#.............# ...
###w####.####.# #.#
+.+ #.# #.# #.# #.#
#.#+##.####.#
#......w@...#
#.#+##)####.#
#.#..†.+ #.#
#.#..#.# #.#
#.####.##+#.#
#...........#
#.####.##'#.#
#.#..'.'..#.#
#..#.#..#.#


You could see a worm.

Vanquished Creatures
  3 endoplasms (D:1)
  A giant cockroach (D:1)
  3 goblins (D:1)
  A hobgoblin (D:1)
  5 kobolds
  A quokka (D:1)
  3 ball pythons
  2 bats (D:1)
  2 frilled lizards
  A rat (D:2)
22 creatures vanquished.

Notes
Turn   | Place    | Note
-------+----------+-------------------------------------------
     0 | D:1      | PyroL the Demonspawn Necromancer began the quest for the
                  | Orb.
     0 | D:1      | Reached XP level 1. HP: 13/13 MP: 3/3
   336 | D:1      | Gained mutation: You may rarely emit foul miasma when
                  | damaged in melee. [demonic ancestry]
   336 | D:1      | Reached XP level 2. HP: 18/19 MP: 1/5
  1006 | D:2      | Found Rokheuje's Jewellery Emporium.
  1221 | D:2      | Slain by a worm

Illustrated notes

Levels and vault maps discovered:
D:1:      kennysheep_arrival_seaside, layout_basic, amethyst_killhole
D:2:      minmay_door_path, layout_basic, serial_shops, shop,
          hellmonk_ecumenical_altar_inner_sanctum,
          chequers_serial_rivers_large_b

Skill      XL: |  1 |
---------------+----+-----
Dodging        | 2 |  2.0
Stealth        | 2 |  2.0
Spellcasting   | |  2.4
Necromancy     | |  4.7

Action                   || total
-------------------------++-------
Melee: Short sword       ||    12
 Fire: Sling             ||    48
 Cast: Necrotise         ||    38
  Use: Scroll            ||     3
Armor: Robe              ||     4
Dodge: Dodged            ||    19

Table legend: (Time is in decaauts)
 A = Elapsed time spent in this place.
 B = Non-inter-level travel time spent in this place.
 C = Inter-level travel time spent in this place.
 D = Time resting spent in this place.
 E = Time spent auto-exploring this place.
 F = Levels seen in this place.
 G = Mean time per level.
                   A        B        C        D        E       F      G
               +--------+--------+--------+--------+--------+-----+--------+
         Total |   1242 |   1213 |     29 |    107 |    810 |   2 |  621.0 |
       Dungeon |   1242 |   1213 |     29 |    107 |    810 |   2 |  621.0 |
               +--------+--------+--------+--------+--------+-----+--------+

Top non-repeatable levels by time:
     D:1: 1017 daAuts
     D:2: 224 daAuts
